AoeStats
← Robert Grigoryan

Team Islands

503396995Analyzed
2v2 RM · 1mo ago on Aug 31, 2026· 45m 10s· 4 players
Game mode
Random Map
Map size
185×185
Population
200
Speed
Normal
Resources
Standard
Victory
Conquest
Starting age
Dark Age
Ending age
Imperial Age
RankedLock teamsTeams togetherTeam positionsShared explorationLock speedFull tech treeHidden civsTurbo modeCheats
Victory
Defeat
🇪🇸 Portuguese · Spain
878
+10
🇪🇸 Franks · Spain
665
+19
🇮🇳 Persians · India
740
-15
🇷🇺 Teutons · Russia
732
-14
Robert Grigoryan
2:53 Loom
12:56 Feudal Age
13:17 Horse Collar
13:23 Double-Bit Axe
18:38 Scale Mail Armor
22:04 Castle Age
21:41 Forging
21:22 Fletching
22:55 Bow Saw
22:45 Heavy Plow
24:19 Medium Warships
27:15 Wheelbarrow
29:04 Hand Cart
29:09 Stone Mining
31:42 Man-at-Arms
32:08 Gambesons
32:23 Squires
35:16 Town Watch
41:17 Gold Mining
42:06 Stone Shaft Mining
42:57 Pikeman
44:35 Chain Mail Armor
44:57 Iron Casting
44:08 Long Swordsman
45:10 Bodkin Arrow
saioa08
12:28 Feudal Age
22:00 Castle Age
34:08 Imperial Age
32:55 Wheelbarrow
35:11 Hand Cart
36:36 Double-Bit Axe
38:23 Parthian Tactics
37:18 Heavy Cavalry Archer
39:43 Gold Mining
41:51 Gold Shaft Mining
42:13 Clinker Construction
42:14 Careening
42:10 Siphons
41:55 Guard Tower
42:16 Masonry
wisimax
10:25 Feudal Age
8:42 Loom
11:11 Double-Bit Axe
12:07 Fishing Lines
13:51 Horse Collar
17:14 Wheelbarrow
16:26 Town Watch
22:12 Castle Age
22:33 Gold Mining
23:25 Bow Saw
23:53 Gillnets
24:21 Pikeman
25:19 Forging
25:09 Scale Mail Armor
25:28 Hand Cart
25:15 Town Patrol
25:34 Hand Cart
25:43 Heavy Plow
28:09 Medium Warships
30:00 Iron Casting
29:40 Chain Mail Armor
34:03 Imperial Age
33:36 Bloodlines
33:27 Husbandry
33:33 Scale Barding Armor
34:24 Cavalier
36:17 Conscription
42:05 Halberdier
44:35 Caravan
Ravnika00
2:27 Loom
12:33 Feudal Age
15:35 Double-Bit Axe
21:42 Scale Barding Armor
21:38 Scale Mail Armor
25:16 Castle Age
23:52 Forging
28:08 Chain Barding Armor
28:04 Chain Mail Armor
28:25 Iron Casting
30:25 Stone Mining
30:26 Gold Mining
40:56 Imperial Age
Connection lost

Rejoining the realm…

Still unreachable

The connection could not be restored.

Session expired

The server has moved on; the page needs a fresh start.